 Dungeon Crawl Stone Soup version 0.20.0-15-g7f486f2 (webtiles) character file.

107428 vishdafish the Bludgeoner (level 16, -6/104 HPs)
             Began as a Gargoyle Fighter on June 26, 2017.
             Was the Champion of Makhleb.
             Splashed by an acid blob's acid (7 damage)
             ... on level 5 of the Lair of Beasts.
             The game lasted 02:03:34 (27062 turns).

vishdafish the Bludgeoner (Gargoyle Fighter)       Turns: 27062, Time: 02:03:35

Health: -6/104     AC: 16    Str: 22    XL:     16   Next: 46%
Magic:  0/25       EV: 12    Int:  9    God:    Makhleb [******]
Gold:   1914       SH: 18    Dex: 14    Spells: 15/15 levels left

rFire    + + +     SeeInvis +   f - +2 flail (protect)
rCold    + . .     Gourm    .   c - +0 shield
rNeg     + . .     Faith    .   J - +1 plate armour {rF+}
rPois    ∞         Spirit   +   G - +2 hat {SInv}
rElec    +         Reflect  +   u - scarf {Spirit}
rCorr    +         Harm     .   j - +0 pair of gloves
MR       +....                  d - +1 pair of boots
Stlth    ..........             b - +5 amulet of reflection
Regen    0.3/turn               N - +3 ring of evasion
MPRegen  0.2/turn               F - ring of protection from fire

@: resistant, corroded, flying, studying Crossbows
A: big wings, repulsion field 1, thin metallic scales 1, agile 1, mutation
resistance 1, negative energy resistance 1, electricity resistance, weak 1, wild
magic 1, unbreathing, petrification resistance, rot immunity, AC +11
a: Stop Flying, Minor Destruction, Lesser Servant of Makhleb, Major Destruction,
Greater Servant of Makhleb, Renounce Religion


You were on level 5 of the Lair of Beasts.
You worshipped Makhleb.
Makhleb was exalted by your worship.
You were not hungry.

You visited 6 branches of the dungeon, and saw 26 of its levels.
You visited the Abyss 1 time.

You collected 1998 gold pieces.
You spent 84 gold pieces at shops.

Inventory:

Hand Weapons
 f - a +2 flail of protection (weapon)
Armour
 c - a +0 shield (worn)
 d - a +1 pair of boots (worn)
 j - a +0 pair of gloves (worn)
 u - a scarf of spirit shield (worn)
 G - a +2 hat of see invisible (worn)
 J - a +1 plate armour of fire resistance (worn)
Jewellery
 b - a +5 amulet of reflection (around neck)
 C - an uncursed amulet of guardian spirit
 F - a ring of protection from fire (right hand)
 N - a +3 ring of evasion (left hand)
Wands
 L - a wand of disintegration (6/24)
 U - a wand of digging (19/24)
Scrolls
 e - a scroll of enchant weapon
 g - 11 scrolls of remove curse
 h - 4 scrolls of immolation
 i - 4 scrolls of magic mapping
 r - 2 scrolls of recharging {unknown}
 v - 2 scrolls of torment {unknown}
 x - 6 scrolls of amnesia
 y - 3 scrolls of fog
 A - 3 scrolls of enchant armour
 B - 2 scrolls of noise {unknown}
 T - a scroll of vulnerability {unknown}
 Z - a scroll of fear
Potions
 k - 9 potions of mutation
 l - 2 potions of curing
 m - 5 potions of lignification
 t - a potion of resistance
 I - a potion of agility
 P - 2 potions of ambrosia
 Q - 3 potions of might
 R - 3 potions of brilliance
 V - a potion of cancellation
Books
 s - the Catalogue of Envenoming and Flight
   (You found it on level 11 of the Dungeon)

   Spells                             Type                      Level
   a - Shock                          Conjuration/Air              1
   b - Poisonous Vapours              Poison/Air                   2
   c - Spider Form                    Transmutation/Poison         3
   d - Lightning Bolt                 Conjuration/Air              5
 w - a book of Geomancy

   Spells                             Type                      Level
   a - Sandblast                      Earth                        1
   b - Passwall                       Transmutation/Earth          2
   c - Stone Arrow                    Conjuration/Earth            3
   d - Petrify                        Transmutation/Earth          4
   e - Lee's Rapid Deconstruction     Earth                        5
 z - a book of Power

   Spells                             Type                      Level
   a - Iskenderun's Battlesphere      Conjuration/Charms           5
   b - Venom Bolt                     Conjuration/Poison           5
   c - Bolt of Magma                  Conjuration/Fire/Earth       5
   d - Iron Shot                      Conjuration/Earth            6
   e - Orb of Destruction             Conjuration                  7
   f - Spellforged Servitor           Conjuration/Summoning        7
 E - a manual of Crossbows
 M - a book of Air

   Spells                             Type                      Level
   a - Shock                          Conjuration/Air              1
   b - Swiftness                      Charms/Air                   2
   c - Static Discharge               Conjuration/Air              3
   d - Airstrike                      Air                          4
   e - Lightning Bolt                 Conjuration/Air              5
 W - a book of Changes

   Spells                             Type                      Level
   a - Beastly Appendage              Transmutation                1
   b - Sticks to Snakes               Transmutation                2
   c - Spider Form                    Transmutation/Poison         3
   d - Ice Form                       Ice/Transmutation            4
   e - Blade Hands                    Transmutation                5
 Y - a book of Battle

   Spells                             Type                      Level
   a - Infusion                       Charms                       1
   b - Shroud of Golubria             Charms/Translocation         2
   c - Song of Slaying                Charms                       2
   d - Spectral Weapon                Hexes/Charms                 3
   e - Regeneration                   Charms/Necromancy            3
Miscellaneous
 K - a lamp of fire
Comestibles
 p - 11 royal jellies
 D - 6 bread rations
 H - 3 meat rations
 O - 34 fruits


   Skills:
 + Level 13.2 Fighting
 * Level 16.0 Maces & Flails
 - Level 9.0 Crossbows
 + Level 13.0 Armour
 - Level 0.1 Dodging
 + Level 13.1 Shields
 + Level 12.1 Invocations


You had 15 spell levels left.
You didn't know any spells.

Dungeon Overview and Level Annotations

Branches:
Dungeon (15/15)            Temple (0/1) D:6            Lair (6/6) D:11
  Swamp (0/4) Lair:3        Snake (1/4) Lair:2        Slime (1/5) Lair:5
    Orc (2/2) D:11            Elf (0/3) Orc:2        Vaults (0/5) D:14
 Depths (1/5) D:15

Altars:
Ashenzari
Elyvilon
Fedhas
Hepliaklqana
Makhleb
Nemelex Xobeh
Okawaru
Qazlal
Ru
Trog
Uskayaw
Xom
Zin
The Shining One
Jiyva

Shops:
D:7 *   D:8 (   D:12 *   Orc:2 *%*([

Portals:
Trove: D:10 (show abyssal rune of Zot)

Annotations:
D:3 systemy's ghost, amateur MiBe
Snake:1 Louise
Depths:1 NorthaanB's ghost, adept SpEn


Innate Abilities, Weirdness & Mutations

You are resistant to torment.
Your stone body is resilient. (AC +11)
You are immune to poison.
Your large and strong wings let you fly indefinitely.
You resist negative energy. (rN+)
You are resistant to electric shocks. (rElec)
You can survive without breathing.
You are immune to petrification.
You are immune to rotting.
You are surrounded by a mild repulsion field. (EV +2)
You are partially covered in thin metallic scales. (AC +2)
You are agile. (Dex +2)
You are somewhat resistant to further mutation.
You are weak. (Str -2)
Your spells are a little harder to cast, but a little more powerful.


Message History

You are splashed with acid!
The acid burns!
You resist.
* * * LOW HITPOINT WARNING * * *
The acid blob spits acid at you. The splash of acid hits you! You resist.
* * * LOW HITPOINT WARNING * * *
You are splashed with acid!
The acid burns!
You resist.
* * * LOW HITPOINT WARNING * * *
The acid blob spits acid at you. The splash of acid hits you! You resist.
* * * LOW HITPOINT WARNING * * *
You are splashed with acid!
The acid burns!
You resist.
* * * LOW HITPOINT WARNING * * *
The acid blob spits acid at you.
The splash of acid reflects off an invisible shield around you!
The splash of acid hits the acid blob.
The acid blob completely resists.
The acid blob spits acid at you. The splash of acid hits you! You resist.
* * * LOW HITPOINT WARNING * * *
You are splashed with acid!
The acid burns!
You resist.
You die...

.##..........#.#.............)..#
..#.#...........#..#..........#.#
..................#............##
............P.................##
##........................÷#.##
##........................#.##
..#.............<....###..#..###
..##P.#####.........#.##..###..#
..P####.##.#...#@#....#........##
..#####..##......##.....#.....#.#
.#.#..#...P......................
...................#.#+###...P...
..........P.#J....##......#.#....
..######.....#............##.....
.########....###.#..#####......<.
.# #...##......###..#....#.##....
.# #.>.##..#....#...........#....


You could see an acid blob.

Vanquished Creatures
  A tentacled starspawn (Abyss:3)
  A vampire knight (Depths:1)
  2 ettins (Orc:2)
  The ghost of Wanze the Fighter, a journeyman DrHu of Okawaru (D:12)
  2 hydras
  2 naga warriors (Snake:1)
  5 catoblepae
  17 two-headed ogres
  2 ogre magi
  8 death yaks (Lair:6)
  A tengu warrior (D:15)
  A vampire mage (D:15)
  5 thrashing horrors (Abyss:3)
  Urug (D:13)
  3 orc high priests
  Sonja (D:15)
  The ghost of vishdafish the Blocker, a novice GrFi (D:8)
  2 wretched stars (Abyss:3)
  7 skeletal warriors (D:15)
  A sea snake (Snake:1)
  A sixfirhy (Abyss:3)
  An unseen horror (Abyss:3)
  A wizard (D:14)
  2 spatial maelstroms (Abyss:3)
  A lindwurm (Lair:6)
  A necromancer (D:15)
  4 orc knights (Orc:2)
  6 ugly things
  Pikel (D:8)
  4 orc sorcerers (Orc:2)
  4 manticores
  A salamander (Snake:1)
  9 elephants
  6 deep elf magi
  3 cyclopes
  A manticore (shapeshifter) (D:14)
  2 black mambas
  3 centaur zombies
  2 smoke demons (Abyss:3)
  2 gargoyles
  3 centaur skeletons
  12 spiny frogs
  A spiny frog (shapeshifter) (Depths:1)
  A redback zombie (D:14)
  A rime drake (Lair:5)
  A kobold demonologist (D:15)
  4 hellwings (Abyss:3)
  4 komodo dragons
  A tormentor (Abyss:3)
  An ancient zyme (Abyss:3)
  3 trolls
  A tengu conjurer (D:15)
  3 polar bears
  6 blink frogs
  A raiju (Abyss:3)
  A fire dragon zombie (D:15)
  9 slime creatures
  2 hornets
  10 hippogriffs
  An ice dragon zombie (D:15)
  A hippogriff (shapeshifter) (Depths:1)
  2 flying skulls (Abyss:3)
  6 starcursed masses (Abyss:3)
  An elf skeleton (D:15)
  A ynoxinul (Abyss:3)
  29 yaks
  2 fire bats (Orc:2)
  2 large abominations (Abyss:3)
  2 wyverns
  4 hungry ghosts
  3 basilisks
  A neqoxec (Abyss:3)
  10 vampire mosquitoes
  3 insubstantial wisps (Abyss:3)
  7 nagas
  A soldier ant (D:11)
  A spatial vortex (Abyss:3)
  An acid dragon (D:12)
  A warg (Orc:1)
  Duvessa (D:6)
  10 porcupines
  21 orc warriors
  13 water moccasins
  A black bear (D:8)
  An eye of draining (D:8)
  2 necrophages
  12 ice beasts
  2 sky beasts
  2 phantoms
  13 ogres
  8 wolves
  11 centaurs
  11 crocodiles
  Blork the orc (D:6)
  4 big kobolds
  A yaktaur zombie (D:15)
  3 small abominations
  Dowan (D:6)
  19 bullfrogs
  3 wyvern skeletons
  A scorpion (D:8)
  A water moccasin skeleton (D:5)
  9 killer bees
  7 wights
  11 electric eels
  6 howler monkeys
  6 crimson imps
  3 quasits
  11 hounds
  4 jellies
  23 orc priests
  19 orc wizards
  5 bullfrog skeletons
  An iron imp (Abyss:3)
  4 iguanas
  12 worker ants
  A hound zombie (D:6)
  A hound skeleton (D:9)
  Robin (D:5)
  A worker ant zombie (D:7)
  7 gnolls
  6 adders
  2 shadow imps
  3 oozes
  2 adder skeletons
  A worm (D:2)
  6 leopard geckos
  74 orcs
  4 bats
  6 giant cockroaches
  15 goblins
  8 hobgoblins
  11 jackals
  14 kobolds
  4 quokkas
  6 frilled lizards
  5 rats
  A fungus (Lair:5)
  A plant (D:11)
706 creatures vanquished.

Vanquished Creatures (collateral kills)
  Snorg (D:10)
  A naga warrior (Snake:1)
  4 death yaks (Lair:6)
  A naga sharpshooter (Snake:1)
  A guardian serpent (Snake:1)
  A smoke demon (Abyss:3)
  A naga mage (Snake:1)
  A flying skull (Abyss:3)
  3 nagas (Snake:1)
  A porcupine (Lair:3)
  An ogre (D:7)
  2 wolves (Lair:3)
  A jelly (D:7)
  An iguana (D:7)
20 creatures vanquished.

Vanquished Creatures (others)
  A centaur warrior (D:15)
  4 yaktaurs (D:15)
  A raiju (Abyss:3)
  A ynoxinul (Abyss:3)
  A slave (D:9)
  2 centaurs (D:15)
  A snapping turtle simulacrum (Abyss:3)
  2 orc priests (D:9)
  4 orc wizards
  A worker ant (D:9)
  An orc (Orc:2)
  A kobold (D:14)
  4 fungi
  A lurking horror (Abyss:3)
  5 plants
  14 starspawn tentacles (Abyss:3)
  2 withered plants (D:15)
46 creatures vanquished.

Grand Total: 772 creatures vanquished

Notes
Turn   | Place    | Note
-------+----------+-------------------------------------------
     0 | D:1      | vishdafish the Gargoyle Fighter began the quest for the Orb.
     0 | D:1      | Reached XP level 1. HP: 14/14 MP: 1/1
   134 | D:1      | Reached XP level 2. HP: 14/19 MP: 2/2
   864 | D:2      | Found a stormy altar of Qazlal.
   906 | D:2      | Found a hide-covered altar of Uskayaw.
   914 | D:2      | Reached XP level 3. HP: 23/23 MP: 3/3
  1036 | D:2      | Found a sparkling altar of Nemelex Xobeh.
  1167 | D:2      | Found a glowing silver altar of Zin.
  1253 | D:2      | Found a burning altar of Makhleb.
  1253 | D:2      | Noticed a green death
  1547 | D:2      | Noticed a smoke demon
  1547 | D:2      | Noticed a ynoxinul
  1549 | D:2      | Became a worshipper of Makhleb the Destroyer
  1594 | D:3      | Reached XP level 4. HP: 29/29 MP: 4/4
  1651 | D:3      | Found a white marble altar of Elyvilon.
  1692 | D:3      | Noticed systemy's ghost (amateur MiBe)
  1724 | D:4      | Noticed Robin
  1739 | D:5      | Entered Level 5 of the Dungeon
  1744 | D:5      | Reached skill level 3 in Maces & Flails
  2037 | D:5      | Killed Robin
  2037 | D:5      | Reached XP level 5. HP: 21/33 MP: 5/5
  2745 | D:4      | Reached skill level 4 in Maces & Flails
  2745 | D:4      | Reached XP level 6. HP: 34/38 MP: 6/6
  3035 | D:5      | Reached * piety under Makhleb
  3121 | D:5      | Reached skill level 5 in Armour
  3121 | D:5      | Reached XP level 7. HP: 44/44 MP: 7/7
  3217 | D:5      | Reached skill level 5 in Maces & Flails
  3375 | D:5      | Reached skill level 5 in Fighting
  3415 | D:5      | Reached skill level 5 in Shields
  3786 | D:6      | Reached XP level 8. HP: 49/49 MP: 8/8
  3830 | D:6      | Reached skill level 6 in Maces & Flails
  3967 | D:6      | Noticed Blork the orc
  3979 | D:6      | Killed Blork the orc
  3996 | D:6      | Reached ** piety under Makhleb
  4010 | D:6      | Found a staircase to the Ecumenical Temple.
  4138 | D:6      | Noticed Duvessa
  4139 | D:6      | Noticed Dowan
  4153 | D:6      | Killed Duvessa
  4187 | D:6      | Killed Dowan
  4905 | D:6      | Reached skill level 7 in Maces & Flails
  5142 | D:7      | Reached skill level 1 in Invocations
  5150 | D:7      | Reached XP level 9. HP: 55/55 MP: 9/9
  5157 | D:7      | Found a transporter.
  5471 | D:7      | Found a transporter.
  5686 | D:7      | Reached *** piety under Makhleb
  5893 | D:7      | Found Anarghev's General Store.
  5899 | D:7      | Bought a potion of curing for 42 gold pieces
  5899 | D:7      | Bought a potion of curing for 42 gold pieces
  5956 | D:7      | Reached skill level 8 in Maces & Flails
  6028 | D:7      | Found a blossoming altar of Fedhas.
  6847 | D:8      | Reached XP level 10. HP: 61/61 MP: 13/13
  7137 | D:7      | Reached skill level 5 in Invocations
  7235 | D:8      | Reached skill level 9 in Maces & Flails
  7417 | D:8      | Noticed a two-headed ogre
  7428 | D:8      | Killed a two-headed ogre
  7434 | D:8      | Reached **** piety under Makhleb
  7635 | D:8      | Found a hazy altar of Hepliaklqana.
  7720 | D:8      | Found a bloodstained altar of Trog.
  7928 | D:8      | Noticed vishdafish's ghost (novice GrFi)
  7958 | D:8      | Killed vishdafish's ghost
  7998 | D:8      | Found Omuasic's Weapon Shop.
  8389 | D:9      | Noticed Pikel
  8562 | D:8      | Killed Pikel
  8631 | D:9      | Reached skill level 10 in Maces & Flails
  8767 | D:9      | Found a shimmering altar of Xom.
  8809 | D:9      | Reached XP level 11. HP: 64/68 MP: 13/15
  8910 | D:9      | Found a glowing golden altar of the Shining One.
  9300 | D:9      | Noticed a two-headed ogre
  9320 | D:9      | Killed a two-headed ogre
  9432 | D:10     | Entered Level 10 of the Dungeon
  9505 | D:10     | Reached ***** piety under Makhleb
  9556 | D:10     | Noticed Snorg
  9601 | D:10     | Killed Snorg
 10209 | D:10     | Found a portal to a secret trove of treasure.
 10347 | D:10     | Found a glowing silver altar of Zin.
 10558 | D:10     | You fall through a shaft!
 10572 | D:11     | Found a sacrificial altar of Ru.
 10801 | D:11     | Noticed a cyclops
 10938 | D:11     | Killed a cyclops
 10938 | D:11     | Reached skill level 11 in Maces & Flails
 10972 | D:11     | Noticed a red ugly thing
 11006 | D:11     | Killed a red ugly thing
 11034 | D:11     | Noticed a manticore
 11061 | D:11     | Killed a manticore
 11196 | D:11     | Found a staircase to the Lair.
 11323 | D:11     | Noticed an ogre mage
 11323 | D:11     | Noticed a two-headed ogre
 11323 | D:11     | Noticed a two-headed ogre
 11323 | D:11     | Noticed a two-headed ogre
 11324 | D:11     | Noticed a two-headed ogre
 11324 | D:11     | Noticed a two-headed ogre
 11383 | Lair:1   | Entered Level 1 of the Lair of Beasts
 11612 | Lair:1   | Reached XP level 12. HP: 76/76 MP: 17/17
 12175 | Lair:2   | Found a staircase to the Snake Pit.
 12980 | Lair:3   | Noticed a seven-headed hydra
 12995 | Lair:3   | Killed a seven-headed hydra
 13162 | Lair:3   | Found a staircase to the Swamp.
 13381 | Lair:3   | Reached skill level 12 in Maces & Flails
 13448 | Lair:3   | Reached skill level 10 in Fighting
 14009 | Lair:4   | Reached skill level 10 in Shields
 14126 | Lair:4   | Reached skill level 10 in Armour
 14147 | Lair:4   | Got a dazzling long sword
 14148 | Lair:4   | Identified the cursed +1 long sword of Hepliaklqana {venom, Str+2} (You found it on level 4 of the Lair of Beasts)
 14262 | Lair:4   | Reached XP level 13. HP: 83/83 MP: 14/19
 15273 | Lair:5   | Found a frozen archway.
 15341 | Lair:5   | Reached ****** piety under Makhleb
 15394 | Lair:5   | Found a viscous altar of Jiyva.
 15395 | Lair:5   | Found a staircase to the Slime Pits.
 15445 | Lair:5   | Reached skill level 13 in Maces & Flails
 15762 | Lair:6   | Entered Level 6 of the Lair of Beasts
 15806 | Lair:6   | Got an ichor-stained short sword
 16596 | Lair:6   | Reached skill level 10 in Invocations
 16812 | Lair:6   | Gained mutation: Your large and strong wings let you fly indefinitely. [Gargoyle growth]
 16812 | Lair:6   | Reached XP level 14. HP: 50/90 MP: 9/21
 17238 | Lair:6   | Reached skill level 14 in Maces & Flails
 17645 | D:11     | Reached skill level 1 in Crossbows
 17802 | D:11     | Identified the Catalogue of Envenoming and Flight
 18036 | D:11     | Found a staircase to the Orcish Mines.
 18077 | Orc:1    | Entered Level 1 of the Orcish Mines
 18223 | Orc:2    | Entered Level 2 of the Orcish Mines
 18765 | Orc:2    | Found a staircase to the Elven Halls.
 19084 | Orc:2    | Found Kuometz's General Store.
 19141 | Orc:2    | Paralysed by an orc sorcerer for 2 turns
 19644 | Orc:2    | Reached skill level 5 in Crossbows
 19817 | Orc:2    | Found Eriate's Antique Weapon Shop.
 19817 | Orc:2    | Found Tel Qirch's Armour Shoppe.
 19819 | Orc:2    | Found Misyucso's Food Shop.
 19819 | Orc:2    | Found Boontiuq's Assorted Antiques.
 20417 | D:12     | Found Rahiobot's Assorted Antiques.
 20785 | D:12     | Noticed Wanze's ghost (journeyman DrHu)
 20882 | D:12     | Killed Wanze's ghost
 21191 | D:13     | Reached XP level 15. HP: 93/96 MP: 21/23
 21281 | D:13     | Noticed Urug
 21304 | D:13     | Killed Urug
 21947 | D:14     | Got a jewelled ring mail
 21958 | D:14     | Identified the cursed +0 ring mail of Divine Intervention {rPois} (You found it on level 14 of the Dungeon)
 22127 | D:14     | Found a shattered altar of Ashenzari.
 22386 | D:14     | Found a gate to the Vaults.
 22656 | D:14     | Gained mutation: You have sharp toenails. [potion of mutation]
 22656 | D:14     | Gained mutation: You tend to lose your temper in combat. [potion of mutation]
 22656 | D:14     | Gained mutation: You are partially covered in iridescent scales. (AC +2) [potion of mutation]
 22657 | D:14     | Lost mutation: You have sharp toenails. [potion of mutation]
 22657 | D:14     | Lost mutation: You are partially covered in iridescent scales. (AC +2) [potion of mutation]
 22657 | D:14     | Gained mutation: You are partially covered in thin metallic scales. (AC +2) [potion of mutation]
 22657 | D:14     | Gained mutation: Your spells are a little harder to cast, but a little more powerful. [potion of mutation]
 22657 | D:14     | Gained mutation: You are frail. (-10% HP) [potion of mutation]
 22657 | D:14     | Gained mutation: You have a pair of small antennae on your head. [potion of mutation]
 22658 | D:14     | Lost mutation: Your spells are a little harder to cast, but a little more powerful. [potion of mutation]
 22658 | D:14     | Lost mutation: You are frail. (-10% HP) [potion of mutation]
 22658 | D:14     | Lost mutation: You tend to lose your temper in combat. [potion of mutation]
 22658 | D:14     | Lost mutation: You have a pair of small antennae on your head. [potion of mutation]
 22658 | D:14     | Gained mutation: You are agile. (Dex +2) [potion of mutation]
 22658 | D:14     | Gained mutation: You are surrounded by a mild repulsion field. (EV +2) [potion of mutation]
 22658 | D:14     | Gained mutation: Your spells are a little harder to cast, but a little more powerful. [potion of mutation]
 22661 | D:14     | Gained mutation: You are weak. (Str -2) [mutagenic meat]
 22662 | D:14     | Gained mutation: You are somewhat resistant to further mutation. [mutagenic meat]
 22881 | D:15     | Entered Level 15 of the Dungeon
 22989 | D:15     | Reached skill level 15 in Maces & Flails
 23323 | D:15     | Noticed Sonja
 23414 | D:15     | Killed Sonja
 23640 | D:15     | Found a staircase to the Depths.
 24264 | Depths:1 | Entered Level 1 of the Depths
 24351 | Depths:1 | Paralysed by a vampire knight for 7 turns
 24375 | Depths:1 | Noticed NorthaanB's ghost (adept SpEn)
 24924 | Snake:1  | Entered Level 1 of the Snake Pit
 25060 | Snake:1  | Reached XP level 16. HP: 103/103 MP: 22/24
 25129 | Snake:1  | Found an iron altar of Okawaru.
 25350 | Snake:1  | Noticed Louise
 25383 | Snake:1  | Cast into level 3 of the Abyss (Louise)
 25646 | Abyss:3  | Found a corrupted altar of Lugonu.
 25919 | Abyss:3  | Noticed a tentacled starspawn
 25980 | Abyss:3  | Found a corrupted altar of Lugonu.
 25999 | Abyss:3  | Noticed a tentacled starspawn
 26011 | Abyss:3  | Noticed a tentacled starspawn
 26022 | Abyss:3  | Paralysed by accursed screaming for 2 turns
 26057 | Abyss:3  | Noticed a bone dragon
 26274 | Abyss:3  | Noticed a tentacled starspawn
 26373 | Abyss:3  | Noticed a tentacled starspawn
 26405 | Abyss:3  | Killed a tentacled starspawn
 26405 | Abyss:3  | Reached skill level 16 in Maces & Flails
 26413 | Abyss:3  | Paralysed by accursed screaming for 1 turns
 26425 | Abyss:3  | HP: 4/104 [starcursed mass/accursed screaming (4)]
 26430 | Abyss:3  | HP: 1/104 [starcursed mass/accursed screaming (5)]
 26431 | Snake:1  | Escaped the Abyss
 26447 | Snake:1  | HP: 2/104 [Louise/bolt of lightning (3)]
 26939 | Slime:1  | Entered Level 1 of the Pits of Slime
 27007 | Slime:1  | Noticed an acid blob
 27007 | Slime:1  | Noticed an acid blob
 27009 | Slime:1  | Noticed an acid blob
 27034 | Slime:1  | Noticed an acid blob
 27062 | Lair:5   | HP: 1/104 [acid blob/splash of acid (7)]
 27062 | Lair:5   | Splashed by an acid blob's acid

Skill      XL: |  1  2  3  4  5  6  7  8  9 10 11 12 13 14 15 16 |
---------------+-------------------------------------------------+-----
Armour         | 4 5 6 7 8 9 10 11 12 13 | 13.0
Maces & Flails | 3 4 5 7 8 10 11 12 13 14 15 16 | 16.0
Fighting       | 4 5 6 7 9 10 11 12 13 | 13.2
Shields        | 4 5 6 7 8 9 10 11 12 13 | 13.1
Invocations    | 1 4 6 7 9 10 11 12 | 12.1
Crossbows      | 6 9 |  9.0
Dodging        | |  0.1

Action                   |  1- 3 |  4- 6 |  7- 9 | 10-12 | 13-15 | 16-18 || total
-------------------------+-------+-------+-------+-------+-------+-------++-------
Melee: Flail             |    97 |   184 |   517 |   886 |  2514 |   512 ||  4710
       Whip              |       |       |       |   541 |       |       ||   541
Invok: Lesser Servant of |       |       |     1 |     2 |     4 |       ||     7
       Minor Destruction |       |       |       |    12 |       |       ||    12
       Greater Servant o |       |       |       |       |       |     1 ||     1
 Abil: Fly               |       |       |       |       |     1 |       ||     1
Evoke: Wand              |       |       |       |     8 |       |       ||     8
  Use: Potion            |       |     3 |     4 |     3 |     7 |     6 ||    23
       Scroll            |       |     6 |     4 |     9 |     7 |    14 ||    40
 Stab: Invisible         |       |       |       |       |     9 |       ||     9
       Distracted        |       |       |       |       |     1 |     2 ||     3
  Eat: Bread ration      |     1 |       |       |     4 |     4 |       ||     9
       Meat ration       |       |     1 |     2 |     1 |     5 |     1 ||    10
       Chunk             |       |       |       |     4 |     9 |       ||    13
       Fruit             |       |       |       |     3 |       |     3 ||     6
Armor: Scale mail        |    44 |   106 |   306 |    99 |       |       ||   555
       Plate armour      |       |       |       |   265 |   853 |   427 ||  1545
       Chain mail        |       |       |       |   502 |   416 |       ||   918
Dodge: Dodged            |    26 |    79 |   170 |   324 |   777 |   253 ||  1629
Block: Shield            |    52 |   132 |   304 |   765 |  1706 |   676 ||  3635
       Reflection        |       |       |       |       |    39 |    21 ||    60
